 Dungeon Crawl Stone Soup version 0.19-a0-998-gfd37873 (webtiles) character file.

223203 LordPoison the Tortoise (level 18, -11/136 HPs)
             Began as a Demonspawn Abyssal Knight on July 16, 2016.
             Was the Champion of Lugonu.
             Mangled by a vault guard
             ... wielding a +0 broad axe
              (14 damage)
             ... on level 4 of the Vaults on July 18, 2016.
             The game lasted 06:04:45 (42087 turns).

LordPoison the Tortoise (DsAK)                     Turns: 42087, Time: 06:04:46

Health: -11/136    AC: 24    Str: 17    XL:     18   Next: 12%
Magic:  25/25      EV: 20    Int: 18    God:    Lugonu [******]
Gold:   2659       SH:  0    Dex: 20    Spells: 1 memorised, 14 levels left

rFire  + . .     SeeInvis .     W - +9 great sword "Municirph" {freeze, rPois rC+ Int-5 Dex+3}
rCold  + + .     Gourm    .     T - +2 troll leather armour
rNeg   . . .     Faith    +     (shield currently unavailable)
rPois  +         Spirit   .     N - +2 hat
rElec  .         Dismiss  .     P - +1 cloak
rCorr  +         Reflect  .     p - +2 pair of gloves
SustAt .         Harm     .     (boots unavailable)
MR     +....     Clarity  +     M - amulet of faith
Stlth  +++.......               q - ring "Burcheb" {rF+ rC+ Int+6}
                                z - ring of resist corrosion

@: about to teleport, studying 2 skills, somewhat resistant to hostile
enchantments, fairly stealthy
A: antennae 1, hooves 3, rough black scales 2, agile 2, clarity, clever 1, foul
stench 2, low mp 1, spiny 2, rot immunity
a: Depart the Abyss, Bend Space, Banish, Corrupt, Enter the Abyss, Brand Weapon
With Distortion, Renounce Religion
}: 2/15 runes: decaying, gossamer


You were on level 4 of the Vaults.
You worshipped Lugonu.
Lugonu was exalted by your worship.
You were not hungry.

You visited 6 branches of the dungeon, and saw 36 of its levels.
You visited the Abyss 2 times.
You visited 1 bazaar.
You also visited: Labyrinth, Ossuary and Bailey.

You collected 3588 gold pieces.
You spent 929 gold pieces at shops.

Inventory:

Hand Weapons
 Q - the +6 flail of the Abyss {freeze, *Confuse rElec Stlth+}
   (You found it on level 8 of the Dungeon)

   It has been specially enchanted to freeze those struck by it, causing extra
   injury to most foes and up to half again as much damage against particularly
   susceptible opponents.
   It can also slow down cold-blooded creatures.
   It insulates you from electricity.
   It may confuse you when you take damage.
   It makes you more stealthy.
 W - the +9 great sword "Municirph" (weapon) {freeze, rPois rC+ Int-5 Dex+3}
   (You found it on level 2 of the Orcish Mines)

   It has been specially enchanted to freeze those struck by it, causing extra
   injury to most foes and up to half again as much damage against particularly
   susceptible opponents.
   It can also slow down cold-blooded creatures.
   It affects your intelligence (-5).
   It affects your dexterity (+3).
   It protects you from cold.
   It protects you from poison.
Missiles
 E - 5 tomahawks of returning (quivered)
Armour
 p - a +2 pair of gloves (worn)
 H - a +2 scale mail of fire resistance
 N - a +2 hat (worn)
 P - a +1 cloak (worn)
 T - a +2 troll leather armour (worn)
 U - a +1 ice dragon armour
Rods
 C - a +5 iron rod (10/10)
   (You took it off a minotaur in a labyrinth)
Jewellery
 q - the ring "Burcheb" (right hand) {rF+ rC+ Int+6}
   (You found it in a labyrinth)

   [ring of protection from fire]

   It affects your intelligence (+6).
   It protects you from fire.
   It protects you from cold.
 r - an uncursed ring of flight
 y - an uncursed ring of positive energy
 z - a ring of resist corrosion (left hand)
 J - a +4 ring of intelligence
 L - an uncursed ring of protection from cold
 M - an amulet of faith (around neck)
Wands
 b - a wand of enslavement (9/24)
 x - a wand of teleportation (2/9)
 A - a wand of lightning (9/15)
 I - a wand of confusion (26/48)
 K - a wand of paralysis (15/24)
 R - a wand of lightning (11/15)
Scrolls
 k - 14 scrolls of remove curse
 l - 5 scrolls of identify
 m - 10 scrolls of recharging
 s - 4 scrolls of enchant weapon
 t - 6 scrolls of teleportation
 D - a scroll of amnesia
 G - a scroll of fog
Potions
 e - 2 potions of resistance
 f - 4 potions of flight
 i - a potion of ambrosia
 n - a potion of cure mutation
 u - 2 potions of cancellation
 V - a potion of magic
Books
 a - a manual of Hexes
 O - a manual of Translocations
Miscellaneous
 g - a phial of floods (inert)
 v - a fan of gales (inert)
Comestibles
 c - 16 bread rations
 d - 4 chunks of flesh
 h - 16 fruits
 j - 12 meat rations
 B - 12 beef jerkies


   Skills:
 - Level 10.4 Fighting
   Level 5.5(11.2) Short Blades
 + Level 14.7(15.1) Long Blades
 - Level 8.2 Maces & Flails
   Level 4.2 Polearms
 - Level 7.3 Throwing
 + Level 15.6 Armour
 - Level 10.0 Dodging
 - Level 5.3 Stealth
 - Level 1.0 Spellcasting
 - Level 0.6 Conjurations
 - Level 1.2 Fire Magic
 - Level 14.0 Invocations
 * Level 10.8 Evocations


You had 14 spell levels left.
You knew the following spells:

 Your Spells              Type           Power        Failure   Level  Hunger
a - Fireball              Conj/Fire      #.........   100%        5    ######.


Dungeon Overview and Level Annotations

Branches:
Dungeon (15/15)            Temple (0/1) D:7            Lair (6/6) D:8
  Swamp (4/4) Lair:4       Spider (4/4) Lair:4        Slime (0/5) Lair:6
    Orc (2/2) D:12            Elf (0/3) Orc:2        Vaults (5/5) D:14
  Crypt (0/3) Vaults:3     Depths (0/5) D:15

Altars:
Elyvilon
Fedhas
Gozag
Hepliaklqana
Kikubaaqudgha
Makhleb
Okawaru
Pakellas
Qazlal
Sif Muna
Xom
Zin
Beogh

Shops:
D:11 *   D:12 (   Orc:2 =(*[[}   Vaults:4 }

Annotations:
D:9 1 runed door
Swamp:3 corrupted
Swamp:4 corrupted
Spider:3 Arachne
Orc:2 corrupted
Vaults:1 Donald
Vaults:4 Mennas
Abyss:1 Duvessa, Edmund, Nessos, Rupert, Saint Roka


Innate Abilities, Weirdness & Mutations

You have hooves in place of feet.
You are mostly covered in rough black scales. (AC +7, Dex -2)
You frequently emit foul miasma when damaged in melee.
You are mostly covered in sharp spines.
You are immune to rotting.
You have a pair of small antennae on your head.
You are very agile. (Dex +4)
You possess an exceptional clarity of mind.
Your mind is acute. (Int +2)
Your magical capacity is low. (-10% MP)


Message History

You kick the vault warden, but do no damage.
The vault warden is moderately wounded.
The vault guard hits you with a broad axe!
* * * LOW HITPOINT WARNING * * *
The vault guard looks sick.
You emit a cloud of foul miasma!
You slash the vault warden! You freeze the vault warden.
You kick the vault warden.
The vault warden is heavily wounded.
The vault warden hits you with a long sword!!
* * * LOW HITPOINT WARNING * * *
You emit a cloud of foul miasma!
The vault guard is struck by your spines.
The vault guard hits you with a broad axe of chopping.
* * * LOW HITPOINT WARNING * * *
x2 The vault guard looks sick.
The vault guard is engulfed in dark miasma.
The vault guard is poisoned.
The vault guard is struck by your spines.
The vault guard hits you with a broad axe!
You die...

######### .##.#
#.......# ####....
#.......# #..#....
#.......# #.......
#..[[...# #..()
#..[>...# ####....
#ppp[...# #...##(#
#pp.....# #...#.))
#@pp....# #...#...
######+######'#'#'
#......#........
#......#.......(
#......#..####.#
#......#..#.....
#......#..#.....
#......#..#...#.
#......#.....###


You could see a vault warden and 6 vault guards.

Vanquished Creatures
  Agnes (Spider:2)
  A tengu reaver (Vaults:2)
  3 frost giants
  The ghost of cliffracer the Markscentaur, a journeyman CeHu of Qazlal (D:13)
  A fire giant (Vaults:4)
  6 vault wardens
  2 emperor scorpions (Spider:4)
  2 ghost moths (Spider:4)
  3 ironheart preservers
  A ghoul (Vaults:4)
  2 stone giants
  An entropy weaver (Spider:2)
  3 spark wasps (Spider:4)
  An ettin (Vaults:4)
  A crystal guardian (Vaults:4)
  Snorg (Abyss:1)
  A minotaur (Lab)
  A fire dragon (D:14)
  4 yaktaur captains
  3 ogre magi
  A great orb of eyes (Vaults:1)
  10 vault guards
  A hydra (Swamp:4)
  2 centaur warriors
  An ice dragon (Vaults:1)
  8 alligators
  Erica (D:8)
  2 death knights
  A deep troll earth mage (Vaults:3)
  6 death yaks
  A tengu warrior (D:14)
  Urug (D:14)
  A skeletal warrior (Vaults:4)
  3 wizards
  8 orc knights
  2 unseen horrors
  3 swamp dragons (Swamp:4)
  Pikel (D:5)
  4 ironbrand convokers
  7 hill giants
  A deep troll (Vaults:2)
  2 deep elf archers (Vaults:1)
  A lindwurm (Lair:6)
  A phantasmal warrior (Vaults:2)
  7 harpies
  3 orb spiders (Spider:1)
  6 deep elf magi
  A necromancer (Vaults:4)
  9 hornets
  An orb spider (shapeshifter) (Vaults:4)
  4 griffons
  29 wolf spiders
  5 orc sorcerers
  15 ugly things
  A moth of wrath (Spider:4)
  5 cyclopes
  A water nymph (shapeshifter) (D:14)
  14 elephants
  A vault sentinel (Vaults:4)
  3 black mambas
  9 spiny frogs
  A komodo dragon (shapeshifter) (Vaults:1)
  3 efreet
  9 demonic crawlers
  A human zombie (Vaults:4)
  13 yaktaurs
  3 rime drakes
  5 freezing wraiths
  4 komodo dragons
  15 jumping spiders
  A wolf spider simulacrum (D:15)
  A jumping spider (shapeshifter) (D:15)
  20 slime creatures
  9 trolls
  8 polar bears (Lair:6)
  10 two-headed ogres
  3 raiju (Lair:6)
  3 boulder beetles
  9 blink frogs
  2 giant leeches
  A human simulacrum (Vaults:4)
  Sigmund (D:3)
  2 spriggans
  5 shadows
  19 tarantellas
  58 redbacks
  31 yaks
  2 wraiths
  Eustachio (D:6)
  16 humans (D:14)
  2 water elementals (D:12)
  6 hungry ghosts
  A golden eye (shapeshifter) (D:13)
  3 steam dragons (Lair:6)
  A black mamba skeleton (Abyss:1)
  5 hippogriffs
  Menkaure (D:5)
  9 wargs
  3 mottled dragons
  10 vampire mosquitoes
  8 water moccasins
  4 insubstantial wisps
  7 swamp worms
  A water moccasin (shapeshifter) (Vaults:3)
  5 hell hounds (Lair:6)
  4 porcupines
  14 black bears
  3 sky beasts
  2 ice beasts
  34 orc warriors
  4 slaves (D:5)
  4 wasps
  2 eyes of draining
  3 swamp drakes
  22 ogres
  A phantom (D:7)
  An elf zombie (Vaults:4)
  20 wolves
  4 centaurs
  9 crocodiles
  2 big kobolds
  15 giant frogs
  3 wyvern zombies
  An ogre simulacrum (Vaults:1)
  Dowan (Abyss:1)
  3 water moccasin zombies (Ossuary)
  9 scorpions
  A water moccasin skeleton (D:5)
  7 killer bees (D:9)
  A spriggan skeleton (Lab)
  2 howler monkeys (D:10)
  12 electric eels
  6 crimson imps
  5 quasits
  4 centaur zombies
  2 giant frog zombies
  2 jellies
  20 orc priests
  30 hounds
  A gnoll shaman (D:6)
  3 centaur skeletons
  37 orc wizards
  2 giant frog skeletons
  13 iguanas
  19 worker ants
  20 sheep
  2 big kobold zombies (Ossuary)
  2 hound zombies (D:6)
  A hound skeleton (D:8)
  A worker ant zombie (D:6)
  A howler monkey zombie (D:8)
  2 mummies (Ossuary)
  A howler monkey skeleton (D:4)
  13 adders
  6 gnolls
  40 river rats
  2 shadow imps
  A white imp (Abyss:1)
  11 adder zombies
  An adder skeleton (D:5)
  3 worms
  2 dart slugs
  5 giant geckos
  93 orcs
  10 giant cockroaches
  4 gnoll zombies (Ossuary)
  7 goblins
  11 hobgoblins
  20 jackals
  23 kobolds
  4 quokkas
  A ball python (D:3)
  9 bats
  2 giant gecko zombies (D:6)
  8 giant newts
  3 hobgoblin zombies (Ossuary)
  2 jackal zombies
  7 kobold zombies (Ossuary)
  3 orc zombies (Ossuary)
  3 quokka skeletons
  12 rats
  A butterfly (D:9)
  A plant (Lair:1)
1210 creatures vanquished.

Vanquished Creatures (collateral kills)
  A crystal guardian (Vaults:4)
  A deep troll earth mage (Vaults:3)
  A vault sentinel (Vaults:4)
  An ogre (Vaults:3)
  An orc (Vaults:4)
5 creatures vanquished.

Vanquished Creatures (others)
  2 thorn hunters
  3 orc warlords (Orc:2)
  An emperor scorpion (Spider:4)
  An ettin (Orc:1)
  A fire dragon (Lair:6)
  14 hydras
  An alligator (Swamp:3)
  3 orc high priests (Orc:2)
  A skeletal warrior (D:11)
  4 swamp dragons
  2 shambling mangroves
  3 lindwurms (Swamp:4)
  3 orc knights
  10 orb spiders
  A hornet (Swamp:3)
  2 orc sorcerers
  A cyclops (D:11)
  2 moths of wrath
  4 spiny frogs (Swamp:4)
  5 giant leeches
  A troll (Orc:2)
  A two-headed ogre (D:12)
  A bog body (Swamp:3)
  A boulder beetle (Lair:4)
  4 spriggans
  A shadow (Swamp:3)
  3 tarantellas
  A basilisk (Lair:6)
  6 vampire mosquitoes
  The ghost of Trees the Cudgeler, an amateur GrFi (D:3)
  3 insubstantial wisps (Swamp:4)
  2 wargs (Orc:2)
  5 swamp worms
  2 swamp drakes (Swamp:4)
  11 orc warriors (Orc:2)
  8 wasps
  4 ogres (Orc:2)
  3 orc wizards (Orc:2)
  An adder (D:6)
  17 orcs
  A kobold zombie (Ossuary)
  10 briar patches
  2 fungi (Lair:6)
  22 plants
  22 starspawn tentacles
  205 starspawn tentacle segments
402 creatures vanquished.

Grand Total: 1617 creatures vanquished

Notes
Turn   | Place    | Note
-------+----------+-------------------------------------------
     0 | Abyss:1  | LordPoison the Demonspawn Abyssal Knight began the quest for the Orb.
     0 | Abyss:1  | Reached XP level 1. HP: 18/18 MP: 2/2
    19 | D:1      | Escaped the Abyss
   121 | D:1      | Reached skill level 1 in Dodging
   129 | D:1      | Gained mutation: You are partially covered in sharp spines. [demonic ancestry]
   129 | D:1      | Reached XP level 2. HP: 24/24 MP: 3/3
   236 | D:1      | Reached ** piety under Lugonu
   611 | D:1      | Reached skill level 1 in Short Blades
   633 | D:2      | Reached XP level 3. HP: 25/29 MP: 4/4
  1151 | D:2      | Reached XP level 4. HP: 26/35 MP: 5/5
  1558 | D:3      | Reached *** piety under Lugonu
  1685 | D:3      | Noticed Sigmund
  1698 | D:3      | Killed Sigmund
  1698 | D:3      | Gained mutation: You are partially covered in rough black scales. (AC +4, Dex -1) [demonic ancestry]
  1698 | D:3      | Reached XP level 5. HP: 27/42 MP: 5/7
  1744 | D:3      | Noticed Trees's ghost (amateur GrFi)
  1746 | D:3      | Banished Trees's ghost
  1746 | D:3      | Gained mutation: You have large cloven feet. [demonic ancestry]
  1746 | D:3      | Reached XP level 6. HP: 37/48 MP: 8/8
  2426 | D:4      | Noticed Edmund
  2538 | D:3      | Banished Edmund
  2678 | D:4      | Reached XP level 7. HP: 48/55 MP: 10/10
  2916 | D:4      | Reached skill level 2 in Armour
  2916 | D:4      | Reached skill level 5 in Invocations
  3071 | D:4      | Reached skill level 5 in Fighting
  3432 | D:4      | Reached **** piety under Lugonu
  3733 | D:4      | Found a glowing silver altar of Zin.
  3882 | D:5      | Entered Level 5 of the Dungeon
  3882 | D:5      | Noticed Duvessa
  3883 | D:5      | Banished Duvessa
  3884 | D:5      | Noticed Dowan
  3884 | D:5      | Banished Dowan
  4135 | D:5      | Found a sand-covered staircase.
  4142 | Ossuary  | Entered an ossuary
  4214 | Ossuary  | Gained mutation: You have hoof-like feet. [demonic ancestry]
  4214 | Ossuary  | Reached XP level 8. HP: 54/63 MP: 12/12
  4424 | Ossuary  | Reached skill level 3 in Armour
  5128 | D:5      | Noticed Pikel
  5144 | D:5      | Killed Pikel
  5144 | D:5      | Reached skill level 5 in Short Blades
  5144 | D:5      | Reached skill level 4 in Armour
  5875 | D:5      | Noticed Menkaure
  5885 | D:5      | Killed Menkaure
  5885 | D:5      | Reached XP level 9. HP: 24/71 MP: 14/14
  6228 | D:6      | Noticed Eustachio
  6251 | D:6      | Killed Eustachio
  6251 | D:6      | Reached ***** piety under Lugonu
  6793 | D:6      | Reached skill level 5 in Armour
  6802 | D:6      | Found a shimmering altar of Xom.
  6909 | D:6      | HP: 3/71 [poisoned by a gnoll]
  6915 | D:6      | HP: 2/71 [poisoned by a gnoll]
  6923 | D:6      | HP: 1/71 [poisoned by a gnoll]
  7348 | D:6      | Found a blossoming altar of Fedhas.
  7728 | D:7      | Found a burning altar of Makhleb.
  7736 | D:7      | Found a deep blue altar of Sif Muna.
  7742 | D:7      | Found a stormy altar of Qazlal.
  7817 | D:7      | Found a hazy altar of Hepliaklqana.
  7999 | D:7      | Found an oddly glowing altar of Pakellas.
  8350 | D:7      | Found a staircase to the Ecumenical Temple.
  8351 | D:7      | Found a flagged portal.
  8361 | Bailey   | Entered a bailey
  8389 | Bailey   | Reached skill level 6 in Armour
  8409 | Bailey   | Gained mutation: You are immune to rotting. [demonic ancestry]
  8409 | Bailey   | Reached XP level 10. HP: 48/80 MP: 15/17
  8411 | Bailey   | Found a bloodstained altar of Trog.
  9057 | D:8      | Found an oddly glowing altar of Pakellas.
  9167 | D:8      | Found a white marble altar of Elyvilon.
  9219 | D:8      | Reached skill level 1 in Throwing
  9324 | D:8      | Found an iron altar of Okawaru.
  9341 | D:8      | Got a polished flail
  9342 | D:8      | Identified the +6 flail of the Abyss {freeze, *Confuse rElec Stlth+} (You found it on level 8 of the Dungeon)
  9438 | D:8      | Found a staircase to the Lair.
  9619 | D:8      | Reached skill level 1 in Maces & Flails
  9671 | Lair:1   | Entered Level 1 of the Lair of Beasts
  9725 | D:8      | Gained mutation: You are agile. (Dex +2) [potion of mutation]
  9725 | D:8      | Gained mutation: Your magical capacity is low. (-10% MP) [potion of mutation]
  9725 | D:8      | Gained mutation: You are very agile. (Dex +4) [potion of mutation]
 10082 | Lair:1   | Reached skill level 10 in Invocations
 10453 | D:8      | Gained mutation: You possess an exceptional clarity of mind. [potion of mutation]
 10453 | D:8      | Gained mutation: Your mind is acute. (Int +2) [potion of mutation]
 10454 | D:8      | Gained mutation: You have hooves in place of feet. [potion of mutation]
 10454 | D:8      | Gained mutation: You have a pair of small antennae on your head. [potion of mutation]
 10456 | Lair:1   | Noticed a spiny frog
 10537 | D:8      | Killed a spiny frog
 10841 | Lair:1   | Noticed a six-headed hydra
 10845 | D:8      | Reached skill level 1 in Stealth
 11086 | D:9      | Reached ****** piety under Lugonu
 11205 | D:9      | Found an iron altar of Okawaru.
 11229 | D:9      | Noticed Erica
 11241 | D:8      | Killed Erica
 11241 | D:8      | Reached skill level 5 in Maces & Flails
 11474 | D:9      | Gained mutation: You are mostly covered in rough black scales. (AC +7, Dex -2) [demonic ancestry]
 11474 | D:9      | Reached XP level 11. HP: 87/89 MP: 16/16
 11516 | D:9      | Found a runed door.
 11531 | D:9      | Found a runed door.
 11585 | D:9      | Found an opulent altar of Gozag.
 11708 | D:10     | Entered Level 10 of the Dungeon
 11810 | D:10     | Found a stormy altar of Qazlal.
 11893 | D:10     | Noticed a hill giant
 11898 | D:10     | Noticed Snorg
 11903 | D:10     | Killed a hill giant
 11904 | D:10     | Banished Snorg
 12219 | D:10     | Found a deep blue altar of Sif Muna.
 12935 | D:11     | Learned a level 5 spell: Fireball
 12995 | D:11     | Found Bacoav's Elemental Accessories.
 13001 | D:11     | Noticed a skeletal warrior
 13001 | D:11     | Noticed a hill giant
 13028 | D:11     | Killed a hill giant
 13085 | D:11     | Noticed a skeletal warrior
 13373 | D:12     | Found Omynk's Antique Weapon Shoppe.
 13378 | D:12     | Bought an ichor-stained war axe for 297 gold pieces
 13378 | D:12     | Identified the +2 war axe "Foxur" {freeze, rC+} (You bought it in a shop on level 12 of the Dungeon)
 13411 | D:12     | Reached skill level 1 in Fire Magic
 13424 | D:12     | Reached skill level 1 in Spellcasting
 13479 | D:12     | Found a staircase to the Orcish Mines.
 13707 | D:12     | Noticed a hill giant
 13716 | D:12     | Killed a hill giant
 13969 | Orc:1    | Entered Level 1 of the Orcish Mines
 14018 | Orc:1    | Found a roughly hewn altar of Beogh.
 14073 | Orc:1    | Noticed an ettin
 14081 | Orc:1    | Banished an ettin
 14183 | Orc:2    | Entered Level 2 of the Orcish Mines
 14183 | Orc:2    | Found Zolodaoj's Armour Emporium.
 14236 | Orc:2    | Found a flickering gateway to a bazaar.
 14249 | Bazaar   | Entered a bazaar
 14249 | Bazaar   | Found Oritel's Antique Weapon Shop.
 14249 | Bazaar   | Found Urchio's Book Boutique.
 14249 | Bazaar   | Found Imuonut's Weapon Boutique.
 14249 | Bazaar   | Found Lazxec's Assorted Antiques.
 14303 | Orc:2    | Gained mutation: You may emit foul miasma when damaged in melee. [demonic ancestry]
 14303 | Orc:2    | Reached XP level 12. HP: 42/97 MP: 17/17
 14461 | Orc:2    | Found Nemew's Gadget Emporium.
 14480 | Orc:2    | Found a staircase to the Elven Halls.
 14654 | Orc:1    | Reached skill level 5 in Dodging
 14864 | Orc:2    | Noticed an orc high priest
 14878 | Orc:1    | Reached skill level 10 in Fighting
 14990 | Orc:2    | Banished an orc high priest
 15139 | Orc:2    | Noticed an orc warlord
 15618 | Orc:2    | Reached skill level 7 in Armour
 15739 | Orc:2    | Banished an orc warlord
 15874 | Orc:1    | Reached skill level 5 in Stealth
 16038 | Orc:2    | Paralysed by an orc sorcerer for 2 turns
 16190 | Orc:2    | Noticed an orc high priest
 16192 | Orc:2    | Banished an orc high priest
 16192 | Orc:2    | Reached skill level 5 in Throwing
 16327 | Orc:2    | Noticed an orc high priest
 16329 | Orc:2    | Banished an orc high priest
 16389 | Orc:2    | Noticed an orc high priest
 16390 | Orc:2    | Banished an orc high priest
 16585 | Orc:2    | Found Dox Soet's General Store.
 16586 | Orc:2    | Found Quiss's Jewellery Shoppe.
 16588 | Orc:2    | Found Ihorr's Antique Armour Emporium.
 16588 | Orc:2    | Found Marynlua's Antique Weapon Emporium.
 16594 | Orc:2    | Bought a scroll of enchant armour for 82 gold pieces
 16594 | Orc:2    | Bought an ice dragon hide for 550 gold pieces
 16960 | Orc:2    | Paralysed by an orc sorcerer for 7 turns
 16961 | Orc:2    | Noticed an orc warlord
 16968 | Orc:2    | Noticed an orc warlord
 16979 | Orc:2    | Corrupted Orc:2
 17024 | Orc:2    | Killed an orc warlord
 17028 | Orc:2    | Killed an orc warlord
 17046 | Orc:2    | Noticed a mottled draconian monk
 17122 | Orc:2    | Got a slimy brass ring
 17128 | Orc:2    | Got a faintly glowing great sword
 17129 | Orc:2    | Identified the +9 great sword "Municirph" {freeze, rPois rC+ Int-5 Dex+3} (You found it on level 2 of the Orcish Mines)
 17268 | D:11     | Reached skill level 1 in Long Blades
 17658 | Lair:1   | Identified the ring "Zeur" {Str+3 Stlth-} (You found it on level 2 of the Orcish Mines)
 18049 | Lair:2   | Noticed an eight-headed hydra
 18052 | Lair:2   | Banished an eight-headed hydra
 18525 | Lair:2   | Reached XP level 13. HP: 104/104 MP: 18/18
 18719 | Lair:3   | Reached skill level 8 in Armour
 18955 | Lair:3   | Identified the cursed +0 pair of gloves of Couzeicoru {rF- rCorr Dex+6} (You found it on level 3 of the Lair of Beasts)
 19647 | Lair:3   | Found an ancient bone altar of Kikubaaqudgha.
 20188 | Lair:4   | Found a staircase to the Swamp.
 20197 | Lair:4   | Reached skill level 5 in Long Blades
 20265 | Lair:4   | Found a dark tunnel.
 20586 | Lair:4   | Found a hole to the Spider Nest.
 20646 | Lair:5   | Noticed Rupert
 20650 | Lair:5   | Paralysed by Rupert for 5 turns
 20659 | Lair:4   | Banished Rupert
 21027 | Lair:4   | Reached skill level 9 in Armour
 21568 | Lair:6   | Entered Level 6 of the Lair of Beasts
 21762 | Lair:6   | Reached XP level 14. HP: 96/111 MP: 19/19
 21838 | Lair:6   | Noticed Nessos
 21846 | Lair:6   | Banished Nessos
 23130 | Lair:6   | Found a staircase to the Slime Pits.
 23371 | Lair:6   | Identified 2 scrolls of acquirement
 23417 | Lair:6   | Reached skill level 10 in Armour
 23604 | Spider:1 | Entered Level 1 of the Spider Nest
 23677 | Spider:1 | Reached skill level 10 in Long Blades
 24902 | Spider:2 | Reached skill level 11 in Armour
 25406 | Spider:2 | Reached XP level 15. HP: 64/117 MP: 20/20
 25879 | Spider:2 | Noticed Agnes
 25887 | Spider:2 | Killed Agnes
 26354 | Spider:2 | Reached skill level 10 in Dodging
 26574 | Spider:4 | Entered Level 4 of the Spider Nest
 26966 | Spider:4 | Reached skill level 12 in Armour
 27508 | Spider:4 | Killed a ghost moth
 27798 | Spider:4 | Killed a ghost moth
 28195 | Spider:4 | Got a gossamer rune of Zot
 28293 | Spider:3 | Noticed Arachne
 28315 | Spider:1 | Reached skill level 13 in Armour
 28363 | Swamp:1  | Entered Level 1 of the Swamp
 28668 | Swamp:2  | Gained mutation: You are mostly covered in sharp spines. [demonic ancestry]
 28668 | Swamp:2  | Reached XP level 16. HP: 119/123 MP: 16/22
 28895 | Swamp:3  | Noticed a thorn hunter
 28933 | Swamp:3  | Corrupted Swamp:3
 28933 | Swamp:3  | Noticed a bone dragon
 28933 | Swamp:3  | Noticed an Executioner
 28933 | Swamp:3  | Noticed a tentacled starspawn
 28938 | Swamp:3  | Killed a thorn hunter
 29331 | Swamp:4  | Entered Level 4 of the Swamp
 29417 | Swamp:4  | Noticed a thorn hunter
 29418 | Swamp:4  | Corrupted Swamp:4
 29418 | Swamp:4  | Noticed a bone dragon
 29418 | Swamp:4  | Noticed a tentacled starspawn
 29418 | Swamp:4  | Noticed a tentacled starspawn
 29420 | Swamp:4  | Noticed a tentacled starspawn
 29427 | Swamp:4  | Killed a thorn hunter
 29428 | Swamp:4  | Noticed a tentacled starspawn
 29501 | Swamp:4  | Noticed a tentacled starspawn
 29787 | Swamp:4  | Got a decaying rune of Zot
 30736 | D:13     | Noticed cliffracer's ghost (journeyman CeHu)
 30768 | D:13     | Killed cliffracer's ghost
 32096 | D:14     | Found a labyrinth entrance.
 32101 | Lab      | Entered a labyrinth
 32164 | Lab      | Found an exit through the horrors of the Abyss.
 32234 | Lab      | Got a flickering silver ring
 32289 | Lab      | Found an exit through the horrors of the Abyss.
 32364 | Lab      | Found an exit through the horrors of the Abyss.
 34204 | Lab      | Upgraded the game from 0.19-a0-994-g3c636f0 to 0.19-a0-998-gfd37873
 34601 | Lab      | Identified the ring "Burcheb" {rF+ rC+ Int+6} (You found it in a labyrinth)
 34613 | Lab      | Got a smoking halberd
 34626 | Lab      | Identified the cursed +0 halberd of Ytzyciruil {drain, rF- rC+ SInv} (You found it in a labyrinth)
 34896 | D:14     | Noticed Urug
 34969 | D:14     | Killed Urug
 35020 | D:14     | Reached skill level 14 in Armour
 35095 | D:14     | Found a gate to the Vaults.
 35123 | D:14     | Reached skill level 1 in Evocations
 35139 | Vaults:1 | Entered Level 1 of the Vaults
 35517 | D:15     | Entered Level 15 of the Dungeon
 36629 | D:15     | Found a staircase to the Depths.
 36833 | Abyss:1  | Noticed a tentacled starspawn
 36850 | Abyss:1  | Killed Dowan
 36925 | Abyss:1  | Noticed a tentacled starspawn
 36928 | Abyss:1  | Paralysed by accursed screaming for 1 turns
 36932 | Abyss:1  | Paralysed by accursed screaming for 1 turns
 36940 | Abyss:1  | Killed Snorg
 36979 | D:15     | Escaped the Abyss
 37190 | Vaults:1 | Reached skill level 5 in Evocations
 37706 | Vaults:1 | Gained mutation: You frequently emit foul miasma when damaged in melee. [demonic ancestry]
 37706 | Vaults:1 | Reached XP level 17. HP: 74/129 MP: 24/24
 38654 | Vaults:1 | Noticed Donald
 39619 | Vaults:3 | Noticed Saint Roka
 39942 | Vaults:2 | Banished Saint Roka
 40058 | Vaults:3 | Reached skill level 15 in Armour
 40263 | Vaults:3 | Noticed a bone dragon
 40264 | Vaults:3 | Found a staircase to the Crypt.
 40334 | Vaults:4 | Found Mioris's Gadget Boutique.
 40334 | Vaults:4 | Noticed Mennas
 41035 | Vaults:4 | Reached skill level 10 in Evocations
 41464 | Vaults:4 | Mutation became permanent: You have hooves in place of feet. [demonic ancestry]
 41464 | Vaults:4 | Reached XP level 18. HP: 93/136 MP: 25/25
 41879 | Vaults:5 | Entered Level 5 of the Vaults
 42087 | Vaults:4 | HP: 4/136 [vault guard/broad axe of chopping (3)]
 42087 | Vaults:4 | Mangled by a vault guard

Vault maps used:
D:1:      minmay_arrival_floating_metal, minmay_domino_4
D:3:      nrook_loot_triangle, uniq_sigmund
D:4:      kennysheep_little_box, gup_sewer_entry_spiral, uniq_edmund
D:5:      nicolae_ossuary_entry_monument, first_bread, uniq_pikel,
          uniq_menkaure, uniq_duvessa
D:6:      overflow_temple_1_default, serial_undead, serial_undead_d,
          serial_undead_e, serial_undead_d, serial_undead_c,
          xom_confusion_cloud, uniq_eustachio
D:7:      lemuel_coloured_pillars_altar, grunt_temple_overflow_diamond,
          enter_bailey_2, corexii_corridor_pit, the_bakery, grunt_pakellas_salt
D:8:      okawaru_ov_weapons_minmay, grunt_temple_overflow_open, lair_0_dummy
D:9:      lemuel_insect_pit, basic_altar,
          nicolae_gozag_cash_rules_everything_around_me, uniq_erica
D:10:     kennysheep_orc_sif_temple, basic_altar, uniq_snorg
D:11:     nicolae_elemental_shop
D:12:     orc_0_dummy, serial_shops, nicolae_shop_stone
D:14:     david_vaults_3, lab_entry_generic
D:15:     grunt_enter_depths_magical_seal, dk_noncrumbling_3
Lair:1:   beast_lair_carwin_large_3, serial_bayou_lagoon_a
Lair:2:   grunt_megastairs_2
Lair:3:   basic_altar, grunt_forest_large_clearings, bh_autumn_forest_stairs,
          grunt_megastairs_5
Lair:4:   minmay_swamp_entry_worms, spider_nest_entry_funnel_web,
          nicolae_volcano_entry_hallway
Lair:5:   serial_bayou_shore_b, grunt_megastairs_4, lemuel_fruit_tree,
          uniq_rupert
Lair:6:   hangedman_lair_caniforms_friends, guppyfry_lair_end_dragon,
          minmay_slime_entry_pillars, st_stairs_5, uniq_nessos
Swamp:1:  nicolae_swamp_trees_clearing
Swamp:2:  evilmike_swamp_ruin_house_3
Swamp:3:  nicolae_swamp_orc_logging_accident
Swamp:4:  swamp_alternative
Spider:1: nicolae_spider_nook
Spider:2: guppyfry_spider_mini_1, uniq_frances, uniq_agnes
Spider:3: uniq_arachne
Spider:4: spider_rune_water
Orc:1:    basic_altar, nicolae_orc_sculptors_studio
Orc:2:    st_orc_congregation, serial_shops, bzr_entry_lakeside, shop, shop,
          minmay_orc_treasury
Vaults:1: grunt_vaults_trifunnel, v_alt_pattern_5, v_misc_32, vaults_room_pool,
          ontoclasm_vaults_pinch, v_misc_25, vaults_room_fours,
          vaults_mumra_hexcomb, uniq_donald, uniq_jorgrun
Vaults:2: vaults_room_grunt_arrival_ludios, vaults_mumra_chevron,
          nicolae_vaults_c_with_doors, dpeg_vaults_monster_row,
          hangedman_vaults_locks, v_misc_22, hangedman_vaults_unwind,
          vaults_standard_mumra_x, vaults_dpeg_doors, v_misc_4,
          vaults_room_semicircle, v_misc_15, nicolae_vaults_ring_of_whatevers
Vaults:3: nicolae_vaults_network_star, dpeg_vaults_pockets_of_resistance,
          ontoclasm_vaults_tryst, hangedman_vaults_cutoff,
          vaults_room_large_hall, grunt_vaults_bifocal,
          hangedman_vaults_stretched_pinwheel, v_misc_30,
          nicolae_vaults_yaktaur_gun_rack, minmay_crypt_entry_nasty_monster,
          uniq_bai_suzhen, uniq_saint_roka, uniq_xtahua
Vaults:4: v_alt_pattern_4, vaults_room_guarded_vault, v_rooms_4, v_misc_26,
          hangedman_vaults_variations, v_misc_18, v_misc_2,
          nicolae_vaults_little_squares_2, hangedman_vaults_river_flow,
          nicolae_vaults_circle_grid_a, v_misc_13, vaults_dpeg_cross,
          nicolae_vaults_little_squares_3, serial_shops, shop, shop, shop,
          uniq_mennas
Lab:      labyrinth_mini_lab, nicolae_lab_big_swirl, nicolae_lab_flowing_pool,
          nicolae_lab_quarters, labyrinth_lava_lair, labyrinth_skeletal_remains
Bazaar:   bazaar_minmay_trees
Ossuary:  ossuary_tomb_2
Bailey:   bailey_axe_3, bailey

Skill      XL: |  1  2  3  4  5  6  7  8  9 10 11 12 13 14 15 16 17 |
---------------+----------------------------------------------------+-----
Polearms       | 2 4 |  4.2
Dodging        | 1 2 3 4 6 8 9 10 | 10.0
Short Blades   | 1 2 3 4 5 |  5.5
Fighting       | 4 5 6 7 9 10 | 10.4
Invocations    | 3 4 5 7 9 10 12 14 | 14.0
Armour         | 2 4 6 7 9 11 13 14 15 | 15.6
Throwing       | 2 4 5 7 |  7.3
Maces & Flails | 5 7 8 |  8.2
Stealth        | 1 3 5 |  5.3
Fire Magic     | 1 |  1.2
Spellcasting   | 1 |  1.0
Long Blades    | 3 8 11 13 14 | 14.7
Evocations     | 5 10 | 10.8
Conjurations   | |  0.6

Action                   |  1- 3 |  4- 6 |  7- 9 | 10-12 | 13-15 | 16-18 || total
-------------------------+-------+-------+-------+-------+-------+-------++-------
Melee: Spear             |    31 |       |   215 |   132 |       |       ||   378
       Dagger            |    68 |   100 |   402 |       |       |       ||   570
       Kick              |       |    15 |   157 |   218 |   368 |   433 ||  1191
       Halberd           |       |       |    14 |       |       |       ||    14
       Flail             |       |       |       |   654 |   170 |       ||   824
       Great sword       |       |       |       |       |   872 |  1073 ||  1945
Throw: Tomahawk          |       |       |     4 |   256 |   322 |   157 ||   739
Invok: Banish            |       |     2 |     2 |    16 |    36 |    16 ||    72
       Bend Space        |       |       |       |    11 |     2 |     3 ||    16
       Corrupt           |       |       |       |     1 |       |     2 ||     3
       Depart the Abyss  |       |       |       |       |       |     1 ||     1
       Enter the Abyss   |       |       |       |       |       |     1 ||     1
Evoke: Fan of gales      |       |       |       |       |       |     3 ||     3
       Phial of floods   |       |       |       |       |       |     3 ||     3
       Sack of spiders   |       |       |       |       |       |     1 ||     1
       Wand              |       |       |       |       |       |     1 ||     1
  Use: Scroll            |       |     1 |     3 |    16 |    15 |    15 ||    50
       Potion            |       |       |     4 |    14 |    12 |     7 ||    37
 Stab: Distracted        |       |       |       |     2 |     2 |     3 ||     7
       Sleeping          |       |       |       |     2 |       |     7 ||     9
  Eat: Chunk             |     1 |     4 |     9 |    32 |    16 |    17 ||    79
       Royal jelly       |       |       |     1 |       |       |     4 ||     5
       Bread ration      |       |       |     1 |     1 |       |     3 ||     5
       Meat ration       |       |       |     1 |     1 |     2 |     3 ||     7
       Fruit             |       |       |       |       |    14 |       ||    14
       Beef jerky        |       |       |       |       |     5 |     3 ||     8
       Pizza             |       |       |       |       |       |     1 ||     1
Armor: Leather armour    |    16 |    33 |    95 |       |       |       ||   144
       Plate armour      |       |       |   194 |   238 |       |       ||   432
       Troll leather arm |       |       |       |   170 |     4 |   190 ||   364
       Ice dragon armour |       |       |       |    22 |   723 |   123 ||   868
       Skin              |       |       |       |       |     2 |       ||     2
Dodge: Dodged            |    42 |    43 |   239 |   349 |   767 |   600 ||  2040
Block: Other             |       |       |       |   102 |     3 |       ||   105
       Reflection        |       |       |       |     7 |       |       ||     7
